 Dungeon Crawl Stone Soup version 0.30-a0-883-g5ad918d77d (webtiles) character file.

Game seed: 1240477067550854938

514 AtlasWard the Sneak (level 7, 0/48 HPs)
             Began as an Octopode Brigand on Mar 15, 2023.
             Slain by an orc wizard
             ... wielding a +0 dagger
              (2 damage)
             ... on level 3 of the Dungeon.
             The game lasted 00:07:32 (3709 turns).

AtlasWard the Sneak (Octopode Brigand)              Turns: 3709, Time: 00:07:32

Health: 0/48       AC:  1    Str: 11    XL:     7   Next: 20%
Magic:  7/7        EV: 12    Int: 13    God:
Gold:   153        SH:  0    Dex: 15    Spells: 6/6 levels left

rFire   . . .      SeeInvis .    a - +2 dagger
rCold   . . .      Faith    .    (no shield)
rNeg    . . .      Spirit   .    (helmet restricted)
rPois   .          Reflect  .    (no amulet)
rElec   .          Rampage  .    (no ring)
rCorr   .                        (no ring)
Will    .....                    (no ring)
Stlth   ++                       (no ring)
HPRegen 0.28/turn                (no ring)
MPRegen 0.10/turn                (no ring)
                                 (no ring)
                                 (no ring)

@: confused
A: almost no armour, amphibious, 8 rings, camouflage 1, gelatinous body 1,
(nimble swimmer 1), tentacles
a: no special abilities


You were on level 3 of the Dungeon.
You visited 1 branch of the dungeon, and saw 4 of its levels.

You collected 183 gold pieces.
You spent 30 gold pieces at shops.

Inventory:

Hand Weapons
 a - a +2 dagger (weapon)
 y - a +0 falchion
Missiles
 c - 2 curare-tipped darts
 p - 8 poisoned darts (quivered)
Jewellery
 x - an amulet of guardian spirit
Wands
 b - a wand of flame (15)
Scrolls
 d - a scroll of identify {unknown}
 f - a scroll of enchant armour {unknown}
 g - a scroll of poison {unknown}
 i - a scroll of fog {unknown}
 k - a scroll of immolation {unknown}
 l - a scroll of noise {unknown}
 m - 2 scrolls of teleportation {unknown}
 r - a scroll of enchant weapon {unknown}
 t - a scroll of vulnerability {unknown}
 u - a scroll of butterflies {unknown}
 v - a scroll of torment {unknown}
Potions
 e - a potion of magic {unknown}
 j - a potion of brilliance {unknown}
 n - 2 potions of mutation {unknown}
 o - a potion of degeneration {unknown}
 q - a potion of might {unknown}
 s - 2 potions of ambrosia {unknown}
 w - a potion of attraction {unknown}
 z - a potion of berserk rage {unknown}


   Skills:
 + Level 4.0 Fighting
 - Level 5.1(5.2) Short Blades
 * Level 1.1(3.3) Long Blades
 + Level 4.0 Throwing
 - Level 1.0 Dodging
 - Level 6.0 Stealth


You had 6 spell levels left.
You didn't know any spells.
Your spell library contained the following spells:

 Spells                   Type           Power      Damage    Failure   Level
 Dazzling Flash           Conj/Hex       0%         N/A       67%         3
 Iskenderun's Mystic Bla  Conj/Tloc      0%         2d3       97%         4
 Starburst                Conj/Fire      0%         6d3       100%        6


Dungeon Overview and Level Annotations

Branches:
Dungeon (4/15)
 Temple: D:4-7

Altars:
Nemelex Xobeh
Okawaru
Trog

Shops:
D:1 !

Annotations:
D:1 2 runed translucent doors
D:3 exclusion: 2 doors


Innate Abilities, Weirdness & Mutations

You cannot wear most types of armour.
You are amphibious.
You can wear up to eight rings at the same time.
Your skin changes colour to match your surroundings (Stealth+).
Your rubbery body absorbs attacks. (AC +1, EV +1)
((You are camouflaged when in or above water. (Stealth+)))
You have tentacles for arms and can constrict up to eight enemies at once.


Message History

You feel better.
The orc wizard hits you with a +0 dagger.
* * * LOW HITPOINT WARNING * * *
The orc wizard hits you with a +0 dagger.
* * * LOW HITPOINT WARNING * * *
The orc wizard attacks as you move away!
The orc wizard hits you with a +0 dagger.
* * * LOW HITPOINT WARNING * * *
You see here a +0 club.
You closely miss the orc wizard. Your grab misses the orc wizard.
The orc wizard hits you with a +0 dagger.
* * * LOW HITPOINT WARNING * * *
You hit the orc wizard. You grab the orc wizard. You squeeze the orc wizard.
The orc wizard is moderately wounded.
You constrict the orc wizard.
You hit the orc wizard but do no damage.
You squeeze the orc wizard.
The orc wizard is severely wounded.
You constrict the orc wizard.
The orc wizard gestures at you while chanting.
You are confused.
The orc wizard casts a spell.
The orc wizard flickers and vanishes!
Deactivating autopickup; reactivate with Ctrl-A.
Unknown command.
Unknown command.
You release your grip on the orc wizard.
The orc wizard casts a spell at you. You resist with some effort.
You bump into the rock wall.
You bump into the rock wall.
The orc wizard hits you with a +0 dagger.
* * * LOW HITPOINT WARNING * * *
You miss the orc wizard. You squeeze the orc wizard.
The orc wizard is severely wounded.
The orc wizard hits you but does no damage.
You barely miss the orc wizard. Your squeeze misses the orc wizard.
The orc wizard is severely wounded.
The orc wizard hits you with a +0 dagger.
You die...

#.........#.........#
#.###.###.#.<..###..#
#.# #.# #.#)#### #..#
#<###.###.#.######..#
#.........#...^.....#
####.###.###.###.......#
...#.# #.# #.# #>#######
##.#.###.###.# #o#
#.#.........# #@#
#.####..##### #.# #.#
#.## #.# #.# #.# #.# #.#
#.# #.# #.# #.# #.# #.#
#.# #.# #.# #.# #.# ##.#
#.# #.#


You could see an orc wizard.

Vanquished Creatures
  A black bear (D:4)
  A bullfrog (D:4)
  A scorpion (D:4)
  An iguana (D:4)
  Natasha (thrice) (D:2)
  Robin (D:2)
  7 gnolls
  2 adders
  3 dart slugs
  An orc (D:3)
  7 bats
  9 endoplasms
  5 giant cockroaches
  11 goblins
  15 hobgoblins
  5 kobolds
  7 quokkas
  5 ball pythons
  8 frilled lizards
  3 rats
96 creatures vanquished.

Notes
Turn   | Place    | Note
-------+----------+-------------------------------------------
     0 | D:1      | AtlasWard the Octopode Brigand began the quest for the Orb.
     0 | D:1      | Reached XP level 1. HP: 14/14 MP: 1/1
    63 | D:1      | Found a large runed translucent door.
    63 | D:1      | Found a large runed translucent door.
    75 | D:1      | Reached XP level 2. HP: 16/19 MP: 2/2
   247 | D:1      | Found Gewarur's Distillery.
   270 | D:1      | Bought a potion of curing for 30 gold pieces
   288 | D:1      | Reached XP level 3. HP: 24/24 MP: 3/3
   997 | D:2      | Noticed Natasha
  1016 | D:2      | Killed Natasha
  1017 | D:2      | Reached XP level 4. HP: 7/30 MP: 4/4
  1509 | D:2      | Noticed Robin
  1616 | D:2      | Reached skill level 6 in Stealth
  1659 | D:2      | Killed Robin
  1759 | D:2      | Noticed Natasha
  1769 | D:2      | Killed Natasha
  1770 | D:2      | Reached XP level 5. HP: 20/36 MP: 5/5
  1776 | D:2      | Noticed Natasha
  1786 | D:2      | Killed Natasha
  2142 | D:2      | Identified the +0 pair of boots "Pearoiwk" {+Blink rPois
                  | Stlth+}
  2716 | D:3      | Found a bloodstained altar of Trog.
  2777 | D:3      | Found an iron altar of Okawaru.
  2916 | D:3      | Reached XP level 6. HP: 42/42 MP: 6/6
  3142 | D:4      | Noticed a black bear
  3150 | D:4      | Killed a black bear
  3151 | D:4      | Reached skill level 5 in Short Blades
  3151 | D:4      | Reached XP level 7. HP: 46/47 MP: 7/7
  3397 | D:4      | Reached skill level 1 in Long Blades
  3572 | D:4      | Identified the +2 quarterstaff "Bixuaf" {freeze, rElec MP+9
                  | Str-5}
  3651 | D:4      | Found a sparkling altar of Nemelex Xobeh.
  3707 | D:3      | HP: 1/48 [orc wizard/+0 dagger (3)]
  3709 | D:3      | Slain by an orc wizard

Illustrated notes

Levels and vault maps discovered:
D:1:      erik_arrival_cave_to_civilisation [erik_arrival_cave_to_temple],
          layout_basic, serial_shops,
          nicolae_shop_temple_entry_statues_fountains,
          dreamdust_mushroom_princess
D:2:      layout_basic, minmay_pentomino_s4, uniq_robin, uniq_natasha
D:3:      minmay_goblin_kobold_castle, layout_loops_ring,
          hellmonk_okawaru_the_only_friend_you_need,
          mainiacjoe_overflow_alcove_4
D:4:      layout_basic, lemuel_coloured_pillars_altar, nemelex_altar_shiori

Skill      XL: |  1  2  3  4  5  6  7 |
---------------+----------------------+-----
Short Blades   | 3 4 5 |  5.1
Stealth        | 6 |  6.0
Throwing       | 3 4 |  4.0
Fighting       | 3 4 |  4.0
Long Blades    | 1 |  1.1
Dodging        | |  1.0

Action                     |  1- 3 |  4- 6 |  7- 9 || total
---------------------------+-------+-------+-------++-------
  Melee: Dagger            |    57 |   106 |    27 ||   190
         Tentacles         |     7 |    25 |    12 ||    44
         Constrict         |     9 |    25 |     6 ||    40
         Punch             |       |     1 |       ||     1
  Throw: Dart              |     4 |    14 |     5 ||    23
    Use: Potion            |       |       |     1 ||     1
   Stab: Sleeping          |    18 |    16 |       ||    34
 Armour: Skin              |     4 |     6 |     1 ||    11
  Dodge: Dodged            |    27 |    54 |     9 ||    90

Table legend: (Time is in decaauts)
 A = Elapsed time spent in this place.
 B = Non-inter-level travel time spent in this place.
 C = Inter-level travel time spent in this place.
 D = Time resting spent in this place.
 E = Time spent auto-exploring this place.
 F = Levels seen in this place.
 G = Mean time per level.
                   A        B        C        D        E       F      G
               +--------+--------+--------+--------+--------+-----+--------+
         Total |   3674 |   3455 |    219 |     61 |   2683 |   4 |  918.5 |
       Dungeon |   3674 |   3455 |    219 |     61 |   2683 |   4 |  918.5 |
               +--------+--------+--------+--------+--------+-----+--------+

Top non-repeatable levels by time:
     D:2: 1194 daAuts
     D:1: 1145 daAuts
     D:3: 709 daAuts
     D:4: 625 daAuts
